 Dungeon Crawl Stone Soup version 0.30-a0-557-ge2afbf3030 (webtiles) character file.

Game seed: 4232299398969186464

13944 Newt the Basher (level 11, -1/81 HPs)
             Began as a Demonspawn Gladiator on Dec 27, 2022.
             Was an Elder of Qazlal.
             Shot with an arrow by Nessos (3 damage)
             ... on level 3 of the Lair of Beasts.
             The game lasted 00:11:01 (10234 turns).

Newt the Basher (Demonspawn Gladiator)             Turns: 10234, Time: 00:11:02

Health: -1/81      AC: 19    Str: 19    XL:     11   Next: 82%
Magic:  0/14       EV:  9    Int: 14    God:    Qazlal [****..]
Gold:   446        SH:  5    Dex: 14    Spells: 10/10 levels left

rFire   + . .      SeeInvis .    j - +2 whip (venom)
rCold   . . .      Faith    .    (no shield)
rNeg    . . .      Spirit   +    G - +1 chain mail of Famihuag {Int+4 Slay+2}
rPois   +          Reflect  .    (helmet restricted)
rElec   .          Harm     .    g - +0 cloak
rCorr   .          Rampage  .    u - +2 pair of gloves
Will    .....                    (no boots) Stlth
                                 k - amulet of regeneration
HPRegen 1.13/turn                y - ring of poison resistance
MPRegen 0.28/turn                z - ring of protection from fire

@: lethally poisoned (-1 -> -16), repel missiles
A: horns 2, icy blue scales 1, powered by death 1, magic shield, magic
regeneration
a: Renounce Religion, Upheaval, Elemental Force


You were on level 3 of the Lair of Beasts.
You worshipped Qazlal.
Qazlal was greatly pleased with you.
You visited 3 branches of the dungeon, and saw 13 of its levels.

You collected 655 gold pieces.
You spent 209 gold pieces at shops.

Inventory:

Hand Weapons
 a - a +0 rapier
 j - a +2 whip of venom (weapon)
 p - a +3 quarterstaff of chaos
 I - a +4 flail
Missiles
 d - 2 throwing nets (quivered)
 e - a javelin
 f - 20 poisoned darts
 B - 8 boomerangs
Armour
 b - a +0 leather armour
 c - a +0 helmet
 g - a +0 cloak (worn)
 u - a +2 pair of gloves (worn)
 G - the +1 chain mail of Famihuag (worn) {Int+4 Slay+2}
   (You bought it in a shop on level 6 of the Dungeon)

   Int:       It affects your intelligence (+4).
   Slay:      It affects your accuracy & damage with ranged weapons and melee
   (+2).
Jewellery
 k - an amulet of regeneration (around neck)
 n - an amulet of the acrobat
 y - a ring of poison resistance (left hand)
 z - a ring of protection from fire (right hand)
 F - a ring of ice
 J - a ring of positive energy
 O - a ring of wizardry
Wands
 o - a wand of quicksilver (21)
 s - a wand of paralysis (6)
 H - a wand of flame (22)
 P - a wand of mindburst (25)
Scrolls
 r - 3 scrolls of fear
 v - 2 scrolls of amnesia
 D - 3 scrolls of identify
 K - a scroll of fog
 L - a scroll of noise
 M - a scroll of enchant armour
 N - 3 scrolls of enchant weapon
 R - a scroll of silence {unknown}
Potions
 h - 2 potions of heal wounds
 i - 2 potions of flight
 l - a potion of cancellation
 m - 4 potions of curing
 q - 2 potions of berserk rage
 t - 2 potions of haste
 w - 3 potions of degeneration
 x - 2 potions of lignification
 A - a potion of attraction
 C - 2 potions of invisibility
 E - a potion of might
 Q - a potion of brilliance
Miscellaneous
 S - a phial of floods


   Skills:
 - Level 6.0 Fighting
 - Level 2.6 Short Blades
 - Level 10.0 Maces & Flails
 - Level 5.0 Throwing
 - Level 10.0 Armour
 - Level 4.0 Dodging
 - Level 3.0 Stealth
 - Level 5.0 Invocations
 + Level 6.5 Evocations


You had 10 spell levels left.
You didn't know any spells.
Your spell library contained the following spells:

 Spells                   Type           Power      Damage    Failure   Level
 Magic Dart               Conj           0%         1d3       92%         1
 Shock                    Conj/Air       0%         1d3       92%         1
 Sting                    Tmut/Pois      0%         1d3       92%         1
 Call Imp                 Summ           0%         N/A       98%         2
 Poisonous Vapours        Pois/Air       0%         N/A       98%         2
 Call Canine Familiar     Summ           0%         N/A       100%        3
 Ignite Poison            Fire/Tmut/Pois 0%         N/A       100%        3
 Inner Flame              Hex/Fire       0%         N/A       100%        3
 Kindle Blastsparks       Fire/Tloc/Air  0%         2d10      100%        3
 Mephitic Cloud           Conj/Pois/Air  0%         N/A       100%        3
 Portal Projectile        Hex/Tloc       0%         N/A       100%        3
 Swiftness                Air            0%         N/A       100%        3
 Airstrike                Air            0%         2d(0-16)  100%        4
 Cause Fear               Hex            0%         N/A       100%        4
 Fulminant Prism          Conj/Hex       0%         3d5       100%        4
 Iskenderun's Mystic Bla  Conj/Tloc      0%         2d3       100%        4
 Leda's Liquefaction      Hex/Erth       0%         N/A       100%        4
 Olgreb's Toxic Radiance  Pois           0%         N/A       100%        4
 Sticky Flame             Conj/Fire      0%         2d3       100%        4
 Lee's Rapid Deconstruct  Erth           0%         3d4*      100%        5
 Discord                  Hex            0%         N/A       100%        8
 Ignition                 Fire           0%         3d3       100%        8


Dungeon Overview and Level Annotations

Branches:
Dungeon (9/15)             Temple (1/1) D:5            Lair (3/5) D:9
 Shoals (0/4) Lair:2       Spider (0/4) Lair:2
    Orc: D:9-12

Altars:
Ashenzari
Cheibriados
Dithmenos
Fedhas
Gozag
Hepliaklqana
Kikubaaqudgha
Makhleb
Nemelex Xobeh
Okawaru
Qazlal
Ru
Sif Muna
Trog
Uskayaw
Vehumet
Wu Jian
Xom
Yredelemnul

Shops:
D:1 *   D:6 [   D:7 *

Annotations:
Lair:3 Nessos


Innate Abilities, Weirdness & Mutations

You have a pair of horns on your head.
You are partially covered in icy blue scales. (AC +2)
You regenerate a little health from kills.
When hurt, damage is shared between your health and your magic reserves.
You regenerate magic rapidly.


Message History

As you read the scroll of fear, it crumbles to dust.
You assume a fearsome visage.
Nessos looks frightened!
The cane toad looks frightened!
* * * LOW HITPOINT WARNING * * *
You feel very sick.
Nessos casts a spell.
Nessos blinks!
Nessos mumbles some strange words.
Nessos blinks!
Okay, then.
You feel better.
Nessos mumbles some strange words.
Nessos blinks!
Nessos mumbles some strange words.
Nessos blinks!
Nessos shouts!
Nessos stands on their hind legs for a moment.
Nessos shoots an arrow.
The arrow hits you but does no damage.
Nessos shoots an arrow.
The arrow hits you!
* * * LOW HITPOINT WARNING * * *
The arrow burns you.
* * * LOW HITPOINT WARNING * * *
You feel much better.
Nessos intently looks at you, slowly moving their tail.
Nessos shoots an arrow.
The arrow hits you. The arrow burns you.
You are poisoned.
Nessos shoots an arrow.
The arrow hits you! The arrow burns you.
You are more poisoned.
* * * LOW HITPOINT WARNING * * *
Aiming: Paralyse
Press: ? - help, Shift-Dir - straight line, f - Nessos
Aim: Nessos, wielding a +2 longbow of flaming and wearing a +0 barding (fast, chance to affect: 64%)
Your attack snaps Nessos out of their fear.
Nessos struggles to resist.
* * * LOW HITPOINT WARNING * * *
You feel extremely sick.
Nessos shoots an arrow.
The arrow hits you!
* * * LOW HITPOINT WARNING * * *
The arrow burns you.
You die...

#................P...
#................P.?.
##.....c..P........... #
##.#........+...........
#.####.##........###....#P...
.....F......................
..........☼.§...............
####.#..#○.°#P..#..........
#..###.@......#.)..P.#..
#.###.........#...#####.
#.#.##..○.....#...## ##
#...##...#....P....# #.
#.#####.......+....# #. #.#
#........#....####. c..
#P....P+#....(P#..# .....
.................. .......
................


You could see Nessos (fast).

Vanquished Creatures
  A black mamba (Lair:1)
  A rime drake (Lair:1)
  3 cane toads
  An unseen horror (D:5)
  2 komodo dragons
  Prince Ribbit (Lair:2)
  A snapping turtle (Lair:2)
  14 blink frogs
  2 jumping spiders (Lair:2)
  19 yaks
  A basilisk (Lair:2)
  A steam dragon (D:8)
  2 redbacks (Lair:2)
  Menkaure (D:5)
  An acid dragon (D:9)
  Duvessa (D:4)
  9 water moccasins
  2 orc warriors
  6 black bears
  2 ice beasts
  A sky beast (D:7)
  4 centaurs
  3 phantoms
  A kobold brigand (D:7)
  6 bullfrogs
  A scorpion (D:6)
  17 wights
  Dowan (D:4)
  3 killer bees (D:8)
  An electric eel (Lair:2)
  A howler monkey (D:9)
  3 orc priests
  A jelly (D:5)
  A gnoll bouda (D:6)
  Crazy Yiuf (D:2)
  A hound (D:5)
  An iron imp (D:3)
  Jessica (D:2)
  2 iguanas
  5 orc wizards
  8 gnolls (D:6)
  6 adders
  A shadow imp (D:5)
  2 white imps (D:6)
  An ufetubus (D:5)
  2 worms (D:3)
  5 dart slugs
  29 orcs
  4 ball pythons
  4 bats
  4 endoplasms
  3 giant cockroaches
  9 goblins
  11 hobgoblins
  8 jackals
  10 kobolds
  4 quokkas
  4 frilled lizards
  5 rats
246 creatures vanquished.

Vanquished Creatures (others)
  3 fungi
  3 plants
6 creatures vanquished.

Grand Total: 252 creatures vanquished

Notes
Turn   | Place    | Note
-------+----------+-------------------------------------------
     0 | D:1      | Newt the Demonspawn Gladiator began the quest for the Orb.
     0 | D:1      | Reached XP level 1. HP: 16/16 MP: 1/1
    11 | D:1      | Found Nantit's General Store.
    53 | D:1      | Reached skill level 1 in Stealth
   141 | D:1      | Gained mutation: You have a pair of small horns on your
                  | head. [demonic ancestry]
   141 | D:1      | Reached XP level 2. HP: 21/22 MP: 2/2
   786 | D:1      | Gained mutation: You have a pair of horns on your head.
                  | [demonic ancestry]
   786 | D:1      | Reached XP level 3. HP: 27/27 MP: 3/3
  1387 | D:2      | Reached skill level 1 in Maces & Flails
  1398 | D:2      | Noticed Jessica
  1403 | D:2      | Killed Jessica
  1404 | D:2      | Gained mutation: You regenerate a little health from kills.
                  | [demonic ancestry]
  1404 | D:2      | Reached XP level 4. HP: 33/33 MP: 4/4
  1498 | D:2      | Found a runed translucent door.
  1503 | D:2      | Noticed Crazy Yiuf
  1513 | D:2      | Killed Crazy Yiuf
  2150 | D:3      | Gained mutation: You are partially covered in icy blue
                  | scales. (AC +2) [demonic ancestry]
  2150 | D:3      | Reached XP level 5. HP: 38/38 MP: 5/5
  2426 | D:3      | Noticed a phantom
  2439 | D:3      | Killed a phantom
  2491 | D:3      | Found a snail-covered altar of Cheibriados.
  2734 | D:3      | Gained mutation: You regenerate magic rapidly. [demonic
                  | ancestry]
  2734 | D:3      | Reached XP level 6. HP: 46/46 MP: 6/6
  2947 | D:4      | Found a sacrificial altar of Ru.
  3032 | D:4      | Found a hazy altar of Hepliaklqana.
  3033 | D:4      | Found a shimmering altar of Xom.
  3034 | D:4      | Noticed a spectral ugly thing
  3073 | D:4      | Noticed Duvessa
  3073 | D:4      | Noticed Dowan
  3088 | D:4      | Killed Dowan
  3089 | D:4      | Reached skill level 1 in Armour
  3090 | D:4      | Killed Duvessa
  3091 | D:4      | Gained mutation: When hurt, damage is shared between your
                  | health and your magic reserves. [demonic ancestry]
  3091 | D:4      | Reached XP level 7. HP: 19/54 MP: 7/7
  3648 | D:5      | Entered Level 5 of the Dungeon
  3648 | D:5      | Found a staircase to the Ecumenical Temple.
  3678 | Temple   | Entered the Ecumenical Temple
  3721 | Temple   | Became a worshipper of Qazlal Stormbringer
  3815 | D:5      | Found a broken altar of Ashenzari.
  4074 | D:5      | Found a shimmering blue altar of Sif Muna.
  4137 | D:5      | Killed an unseen horror
  4270 | D:5      | Reached XP level 8. HP: 60/60 MP: 8/8
  4304 | D:5      | Noticed Menkaure
  4316 | D:5      | Killed Menkaure
  4317 | D:5      | Reached skill level 5 in Throwing
  4499 | D:5      | Reached skill level 1 in Evocations
  5208 | D:6      | Found a basalt altar of Yredelemnul.
  5217 | D:6      | Found an opulent altar of Gozag.
  5374 | D:6      | Reached skill level 5 in Evocations
  5412 | D:6      | Reached * piety under Qazlal
  5501 | D:6      | Reached skill level 5 in Fighting
  5527 | D:6      | Found a bloodstained altar of Trog.
  5626 | D:6      | Found Huhanudgh's Antique Armour Emporium.
  5631 | D:6      | Bought a warped chain mail for 209 gold pieces
  5631 | D:6      | Identified the +1 chain mail of Famihuag {Int+4 Slay+2}
                  | (You bought it in a shop on level 6 of the Dungeon)
  5758 | D:6      | Reached XP level 9. HP: 53/69 MP: 6/9
  6001 | D:7      | Found Ylaopn's Elemental Accessories.
  6139 | D:7      | Found an iron altar of Okawaru.
  6388 | D:7      | Reached skill level 5 in Maces & Flails
  6439 | D:7      | Found a burning altar of Makhleb.
  6486 | D:8      | Reached ** piety under Qazlal
  6671 | D:8      | Found a hide-covered altar of Uskayaw.
  6854 | D:8      | Found a sparkling altar of Nemelex Xobeh.
  7366 | D:9      | Reached skill level 5 in Armour
  7426 | D:9      | Found a staircase to the Lair.
  7464 | D:9      | Reached XP level 10. HP: 76/76 MP: 10/10
  7878 | Lair:1   | Entered Level 1 of the Lair of Beasts
  7878 | Lair:1   | Noticed a cane toad
  7881 | Lair:1   | Noticed a black mamba
  7895 | D:9      | Killed a cane toad
  7942 | Lair:1   | Killed a black mamba
  8008 | Lair:1   | Reached *** piety under Qazlal
  8042 | Lair:1   | Reached skill level 5 in Invocations
  8100 | Lair:1   | Noticed a cane toad
  8109 | Lair:1   | Killed a cane toad
  8348 | Lair:1   | Reached skill level 10 in Maces & Flails
  8361 | Lair:1   | Reached XP level 11. HP: 59/81 MP: 10/14
  8410 | Lair:1   | Identified the +0 robe of the Three Nightcaps {Str+2}
  9267 | Lair:2   | Found a staircase to the Shoals.
  9733 | Lair:2   | Reached **** piety under Qazlal
  9734 | Lair:2   | Reached skill level 10 in Armour
  9836 | Lair:2   | Found a hole to the Spider Nest.
  9940 | Lair:2   | Noticed Prince Ribbit
  9951 | Lair:2   | Killed Prince Ribbit
 10219 | Lair:3   | Noticed Nessos
 10234 | Lair:3   | HP: 2/81 [Nessos/arrow (15)]
 10234 | Lair:3   | Shot with an arrow by Nessos

Illustrated notes

Levels and vault maps discovered:
D:1:      scummos_arrival_simple_fountains, layout_loops_ring, serial_shops,
          nicolae_shop_behind_doors
D:2:      layout_basic, minmay_misc_feat_columns, uniq_crazy_yiuf_cottage,
          uniq_jessica
D:3:      layout_loops_ring, slow_altar_1
D:4:      layout_rooms, regret_index_temple_of_mockery,
          nicolae_ru_sacrificial_ziggurat, serial_curves, eino_curves_04,
          eino_curves_02, eino_curves_02, uniq_duvessa
D:5:      layout_basic, ashenzari_altar_1, nicolae_sif_muna_condensation,
          minmay_temple_entry_mini_moons, grunt_ministairs_12,
          amcnicky_mini_corridor_feature, uniq_menkaure
D:6:      layout_basic, lightli_temple_of_fire,
          mainiacjoe_overflow_small_starburst, nicolae_gozag_seed_capital,
          zin_treasury, serial_shops, nicolae_shop_trees
D:7:      layout_rooms, mainiacjoe_overflow_tiny_flanked,
          mainiacjoe_overflow_alcove_4, nicolae_elemental_shop, minivault_25
D:8:      layout_loops_ring, mainiacjoe_overflow_24_doors,
          overflow_temple_1_default
D:9:      layout_basic, lair_entry_dummy
Temple:   nicolae_temple_little_seven
Lair:1:   layout_regular_city, minivault_11
Lair:2:   layout_regular_city, minmay_shoals_entry_hut,
          spider_nest_entry_funnel_web, uniq_prince_ribbit2
Lair:3:   layout_chaotic_city, uniq_nessos

Skill      XL: |  1  2  3  4  5  6  7  8  9 10 11 |
---------------+----------------------------------+-----
Stealth        | 1 2 3 |  3.0
Maces & Flails | 2 3 4 8 10 | 10.0
Fighting       | 4 5 6 |  6.0
Armour         | 2 4 5 6 10 | 10.0
Throwing       | 4 5 |  5.0
Evocations     | 5 6 |  6.5
Dodging        | 4 |  4.0
Invocations    | 5 |  5.0
Short Blades   | |  2.6

Action                   |  1- 3 |  4- 6 |  7- 9 | 10-12 || total
-------------------------+-------+-------+-------+-------++-------
Melee: Rapier            |    58 |       |       |       ||    58
       Whip              |    49 |   128 |   406 |   408 ||   991
       Headbutt          |    11 |    24 |   100 |    99 ||   234
       Punch             |       |     2 |    11 |     4 ||    17
Throw: Throwing net      |     1 |     1 |       |       ||     2
       Dart              |       |     1 |       |       ||     1
       Javelin           |       |       |     1 |       ||     1
Evoke: Wand              |       |       |       |     1 ||     1
  Use: Scroll            |       |    14 |     7 |     3 ||    24
       Potion            |       |       |     2 |     3 ||     5
 Stab: Sleeping          |     3 |     5 |     2 |       ||    10
       Held in net/web   |     1 |       |       |       ||     1
       Distracted        |     1 |       |       |       ||     1
Armor: Leather armour    |    35 |    42 |    88 |       ||   165
       Chain mail        |       |       |   131 |   139 ||   270
Dodge: Dodged            |    89 |    80 |   194 |   114 ||   477
Block: Other             |       |       |    25 |    50 ||    75

Table legend: (Time is in decaauts)
 A = Elapsed time spent in this place.
 B = Non-inter-level travel time spent in this place.
 C = Inter-level travel time spent in this place.
 D = Time resting spent in this place.
 E = Time spent auto-exploring this place.
 F = Levels seen in this place.
 G = Mean time per level.
                   A        B        C        D        E       F      G
               +--------+--------+--------+--------+--------+-----+--------+
         Total |  10017 |   9680 |    337 |   1152 |   6795 |  13 |  770.5 |
       Dungeon |   7790 |   7495 |    295 |    939 |   5255 |   9 |  865.6 |
        Temple |     51 |     51 |      0 |      0 |     33 |   1 |   51.0 |
          Lair |   2174 |   2132 |     42 |    213 |   1507 |   3 |  724.7 |
               +--------+--------+--------+--------+--------+-----+--------+

Top non-repeatable levels by time:
     D:5: 1420 daAuts
     D:2: 1226 daAuts
  Lair:2: 1077 daAuts
  Lair:1: 993 daAuts
     D:4: 869 daAuts
     D:1: 853 daAuts
     D:6: 791 daAuts
     D:8: 791 daAuts
     D:3: 694 daAuts
     D:9: 628 daAuts
     D:7: 514 daAuts
  Lair:3: 104 daAuts
  Temple: 51 daAuts
